 Dungeon Crawl Stone Soup version 0.21-a0-460-g737a915 (webtiles) character file.

646 kiturien the Stinger (level 7, 0/45 HPs)
             Began as an Octopode Venom Mage on Nov 20, 2017.
             Was an Initiate of Vehumet.
             Splashed by a jelly's acid (9 damage)
             ... on level 5 of the Dungeon.
             The game lasted 00:24:45 (4363 turns).

kiturien the Stinger (Octopode Venom Mage)          Turns: 4363, Time: 00:24:45

Health: 0/45       AC: -8    Str:  8      XL:     7   Next: 52%
Magic:  6/13       EV: 14    Int: 18 (19) God:    Vehumet [......]
Gold:   249        SH:  0    Dex: 11 (12) Spells: 1/14 levels left

rFire    . . .     SeeInvis .   h - +1 hand axe (chop)
rCold    . . .     Gourm    .   (no shield)
rNeg     . . .     Faith    .   (helmet restricted)
rPois    .         Spirit   .   (no amulet)
rElec    .         Reflect  .   j - +3 ring of protection
rCorr    .         Harm     .   (no ring)
MR       .....                  (no ring)
Stlth    +++.......             (no ring)
HPRegen  0.15/turn              (no ring)
MPRegen  0.13/turn              (no ring)
                                (no ring)
                                (no ring)

@: corroded
A: almost no armour, stealthy swim, amphibious, 8 rings, constrict 8, camouflage
1, gelatinous body 1
a: Renounce Religion


You were on level 5 of the Dungeon.
You worshipped Vehumet.
Vehumet was noncommittal.
You were not hungry.

You visited 1 branch of the dungeon, and saw 5 of its levels.

You collected 249 gold pieces.

Inventory:

Hand Weapons
 h - a +1 hand axe of chopping (weapon)
Missiles
 i - 153 stones (quivered)
Jewellery
 j - a +3 ring of protection (left tentacle)
Wands
 m - a wand of disintegration (13)
 n - a wand of random effects (38)
 o - a wand of flame (40)
Scrolls
 e - 5 scrolls of teleportation
 f - 4 scrolls of identify
 r - a scroll of magic mapping
Potions
 c - 2 potions of invisibility
 k - a potion of brilliance
 p - 3 potions of haste
 q - 2 potions of heal wounds
Books
 a - a Young Poisoner's Handbook

   Spells                             Type                      Level
   a - Sting                          Conjuration/Poison           1
   b - Poisonous Vapours              Poison/Air                   2
   c - Mephitic Cloud                 Conjuration/Poison/Air       3
   d - Olgreb's Toxic Radiance        Poison                       4
   e - Venom Bolt                     Conjuration/Poison           5
Comestibles
 b - 5 bread rations
 d - 2 royal jellies
 g - 3 fruits


   Skills:
 - Level 2.3 Fighting
 + Level 4.1 Dodging
 - Level 2.6 Stealth
 + Level 4.2 Spellcasting
 - Level 1.3 Conjurations
 + Level 6.8 Poison Magic


You had one spell level left.
You knew the following spells:

 Your Spells              Type           Power        Failure   Level  Hunger
a - Sting                 Conj/Pois      ###.         2%          1    None
b - Mephitic Cloud        Conj/Pois/Air  ##......     14%         3    ###....
c - Olgreb's Toxic Radia  Pois           ####....     9%          4    ####...
d - Venom Bolt            Conj/Pois      ###.......   58%         5    ######.


Dungeon Overview and Level Annotations

Branches:
Dungeon (5/15)
 Temple: D:4-7

Altars:
Cheibriados
Elyvilon
Fedhas
Trog
Vehumet


Innate Abilities, Weirdness & Mutations

You cannot wear most types of armour.
You are very stealthy in the water. (Stealth+)
You are amphibious.
You can wear up to eight rings at the same time.
You can use your tentacles to constrict eight enemies at once.
Your skin changes colour to match your surroundings (Stealth+).
Your rubbery body absorbs attacks. (AC +1, EV +1)


Message History

The arrow misses you. The jelly hits you but does no damage.
You hit the jelly. The acid corrodes you!
Your tentacles burn!
You squeeze the jelly, but do no damage.
The jelly is moderately wounded.
You hit the centaur but do no damage.
Your toxic aura wanes.
The centaur hits you with a shortbow. The jelly completely misses you.
The jelly jiggles.
The jelly closely misses you. The centaur closely misses you.
You hit the jelly but do no damage. The acid corrodes you!
Your tentacles burn!
You squeeze the jelly.
The jelly is moderately wounded.
You hit the centaur zombie. You closely miss the centaur.
The centaur zombie hits you. The centaur hits you with a shortbow!
* * * LOW HITPOINT WARNING * * *
The centaur zombie completely misses you.
The jelly hits you.
* * * LOW HITPOINT WARNING * * *
The acid corrodes you!
You are splashed with acid!
The acid burns!
You die...

#####. # .. ......
#. .c# #......
##.##.# .......
#.....# ...Y...
#.....# .......
#.....####.......
#......##JZ......
##..$.$§.§@....(..
#........c........
#.................
#................#
#................#
#.....>..........#.
#..................
##.................
##................


You could see an ice beast, a centaur, a jelly and a centaur zombie.

Vanquished Creatures
  2 ogres
  A howler monkey (D:3)
  2 hounds
  2 orc priests
  A bullfrog skeleton (D:4)
  Jessica (D:3)
  4 orc wizards
  A worker ant (D:4)
  3 adders
  2 oozes (D:1)
  An adder skeleton (D:4)
  A worm (D:2)
  4 leopard geckos
  19 orcs
  3 giant cockroaches
  5 goblins
  5 hobgoblins
  A quokka (D:4)
  6 bats
  4 frilled lizards
  9 kobolds
  A leopard gecko skeleton (D:4)
  6 rats
84 creatures vanquished.

Notes
Turn   | Place    | Note
-------+----------+-------------------------------------------
     0 | D:1      | kiturien the Octopode Venom Mage began the quest for the Orb.
     0 | D:1      | Reached XP level 1. HP: 11/11 MP: 3/3
   123 | D:1      | Reached skill level 4 in Poison Magic
   123 | D:1      | Reached XP level 2. HP: 17/17 MP: 0/5
  1146 | D:1      | Reached XP level 3. HP: 21/21 MP: 3/6
  1491 | D:2      | Reached XP level 4. HP: 19/27 MP: 5/8
  1704 | D:2      | Found a blossoming altar of Fedhas.
  1705 | D:2      | Found a bloodstained altar of Trog.
  2021 | D:3      | Noticed Jessica
  2028 | D:3      | Killed Jessica
  2461 | D:2      | Reached XP level 5. HP: 17/31 MP: 8/11
  2645 | D:3      | Reached skill level 5 in Poison Magic
  3071 | D:3      | Found a white marble altar of Elyvilon.
  3074 | D:3      | Found a snail-covered altar of Cheibriados.
  3077 | D:3      | Found a radiant altar of Vehumet.
  3081 | D:3      | Became a worshipper of Vehumet
  3317 | D:3      | Reached XP level 6. HP: 25/37 MP: 9/12
  3356 | D:4      | Learned a level 3 spell: Mephitic Cloud
  3379 | D:4      | Learned a level 4 spell: Olgreb's Toxic Radiance
  3409 | D:4      | Found a radiant altar of Vehumet.
  3413 | D:4      | Reached skill level 1 in Fighting
  3423 | D:4      | Reached skill level 6 in Poison Magic
  3430 | D:4      | Learned a level 5 spell: Venom Bolt
  3566 | D:4      | Reached XP level 7. HP: 28/45 MP: 5/13
  4159 | D:5      | Entered Level 5 of the Dungeon
  4363 | D:5      | Splashed by a jelly's acid

Vault maps used:
D:1:      scummos_arrival_forest, minmay_distorted
D:2:      gammafunk_temple_overflow_pools
D:3:      grunt_temple_overflow_diamond, uniq_jessica
D:4:      grunt_decor_one_mirror, vehumet_altar_wand_db
D:5:      first_bread, uniq_sigmund, uniq_eustachio

Skill      XL: |  1  2  3  4  5  6  7 |
---------------+----------------------+-----
Poison Magic   | 4 5 6 |  6.8
Spellcasting   | 3 4 |  4.2
Fighting       | 2 |  2.3
Dodging        | 3 4 |  4.1
Stealth        | |  2.6
Conjurations   | |  1.3

Action                   |  1- 3 |  4- 6 |  7- 9 || total
-------------------------+-------+-------+-------++-------
Melee: Unarmed           |    11 |       |       ||    11
       Whip              |    17 |    20 |       ||    37
       Constrict         |     8 |    13 |     2 ||    23
       Tentacles         |     7 |    10 |     4 ||    21
       Hand axe          |       |    35 |    21 ||    56
 Cast: Sting             |    47 |    68 |    11 ||   126
       Mephitic Cloud    |       |     2 |     3 ||     5
       Olgreb's Toxic Ra |       |     1 |     3 ||     4
  Use: Scroll            |     4 |     4 |     1 ||     9
       Potion            |     3 |     4 |       ||     7
 Stab: Sleeping          |       |     3 |       ||     3
  Eat: Chunk             |     2 |     7 |     3 ||    12
Armor: Skin              |    11 |    12 |     4 ||    27
Dodge: Dodged            |    40 |    60 |    22 ||   122

Table legend:
 A = Spawn XP
 B = Non-spawn XP
 C = Spawn XP percentage of total XP
 D = Spawn monster count
 E = Non-spawn monster count
 F = Spawn count percentage of total count
 G = Total turns spent on level
                    A         B        C        D         E        F      G
               +---------+---------+-------+---------+---------+-------+---------
         Total |       0 |     923 |   0.0 |       0 |      84 |   0.0 |  4363
               +---------+---------+-------+---------+---------+-------+---------
           D:1 |       0 |      51 |   0.0 |       0 |      18 |   0.0 |  1378
           D:2 |       0 |     109 |   0.0 |       0 |      22 |   0.0 |  1293
           D:3 |       0 |     209 |   0.0 |       0 |      23 |   0.0 |   664
           D:4 |       0 |     390 |   0.0 |       0 |      18 |   0.0 |   824
           D:5 |       0 |     164 |   0.0 |       0 |       3 |   0.0 |   204
               +---------+---------+-------+---------+---------+-------+---------
